 Dungeon Crawl Stone Soup version 0.26-a0-520-g952f204493 (webtiles) character file.

Game seed: 17087204576659551050

340 ANON1729 the Skirmisher (level 6, 0/67 HPs)
             Began as an Ogre Hunter on Aug 12, 2020.
             Slain by Grinder (3 damage)
             ... on level 4 of the Dungeon.
             The game lasted 00:08:38 (5532 turns).

ANON1729 the Skirmisher (Ogre Hunter)               Turns: 5532, Time: 00:08:39

Health: 0/67       AC:  3    Str: 19    XL:     6   Next: 56%
Magic:  0/6        EV: 10    Int: 12    God:
Gold:   220        SH:  0    Dex:  9    Spells: 5/5 levels left

rFire    . . .     SeeInvis .   l - +2 mace (protect)
rCold    . . .     Faith    .   (no shield)
rNeg     . . .     Spirit   +   b - +0 robe
rPois    .         Reflect  .   (helmet restricted)
rElec    .         Harm     .   (no cloak)
rCorr    .                      (gloves unavailable)
MR       .....                  (boots unavailable)
Stlth    +.........             r - amulet of guardian spirit
HPRegen  0.21/turn              v - ring of flight
MPRegen  0.10/turn              (no ring)

@: no status effects
A: large, unfitting armour, tough skin 1
a: Evoke Flight


You were on level 4 of the Dungeon.
You visited 1 branch of the dungeon, and saw 4 of its levels.

You collected 220 gold pieces.

Inventory:

Hand Weapons
 a - a +0 short sword
 e - a +2 dagger of draining
 l - a +2 mace of protection (weapon)
Missiles
 h - an atropa-tipped dart (quivered)
 t - 14 poisoned darts
Armour
 b - a +0 robe (worn)
Jewellery
 r - an amulet of guardian spirit (around neck)
 v - a ring of flight (left hand)
Wands
 u - a wand of paralysis (9)
Scrolls
 f - 8 scrolls of teleportation {unknown}
 i - 2 scrolls of remove curse {unknown}
 j - a scroll of fog {unknown}
 k - 3 scrolls of amnesia {unknown}
 o - 2 scrolls of immolation {unknown}
 p - 8 scrolls of identify {unknown}
 y - a scroll of fear {unknown}
Potions
 g - 4 potions of curing {unknown}
 m - 2 potions of haste {unknown}
 n - a potion of cancellation {unknown}
 q - a potion of invisibility {unknown}
 s - a potion of stabbing {unknown}
 w - a potion of ambrosia {unknown}
 x - a potion of heal wounds
 z - a potion of mutation {unknown}


   Skills:
 * Level 5.8 Fighting
 * Level 5.7 Throwing
 + Level 3.1 Dodging
 - Level 1.0 Stealth


You had 5 spell levels left.
You didn't know any spells.
Your spell library was empty.

Dungeon Overview and Level Annotations

Branches:
Dungeon (4/15)
 Temple: D:4-7

Altars:
Dithmenos
Ru
Zin

Annotations:
D:3 3 runed translucent doors, drasked's ghost, amateur MiCK
D:4 Grinder


Innate Abilities, Weirdness & Mutations

You are too large for most types of armour.
You have tough skin. (AC +1)


Message History

You hit Grinder.
Grinder is almost dead.
Grinder is no longer blind.
Grinder hits you.
* * * LOW HITPOINT WARNING * * *
You hit Grinder.
Grinder is almost dead.
Grinder hits you!
* * * LOW HITPOINT WARNING * * *
You writhe in agony.
* * * LOW HITPOINT WARNING * * *
Your +2 mace of protection hums with potential!
l - a +2 mace of protection (weapon)
Grinder hits you.
* * * LOW HITPOINT WARNING * * *
You writhe in agony.
* * * LOW HITPOINT WARNING * * *
You completely miss Grinder.
Grinder is almost dead.
Grinder hits you.
You die...

()..... .#
............##>#
...........#..####
...#......(..... #
#.............###.. ##.
#?......((...##.#.#
#...##..................
#..........(..........
#.@5.##....#....... #
#.....#....#...###
..#.#.#.........#......#
......................##
#.......#.###....<....##
##.#....#.>#.........(.#
#.
#...##.##...PP........
#... #....÷P..........
###....#....P.###.....


You could see Grinder.

Vanquished Creatures
  A phantom (D:4)
  A worker ant (D:3)
  Robin (D:2)
  6 adders
  5 gnolls
  2 oozes (D:2)
  A worm (D:3)
  2 dart slugs
  5 leopard geckos
  5 orcs
  10 bats
  2 giant cockroaches
  19 goblins
  10 hobgoblins
  12 kobolds
  2 quokkas
  4 frilled lizards
  5 rats
93 creatures vanquished.

Vanquished Creatures (others)
  A plant (D:3)
1 creature vanquished.

Grand Total: 94 creatures vanquished

Notes
Turn   | Place    | Note
-------+----------+-------------------------------------------
     0 | D:1      | ANON1729 the Ogre Hunter began the quest for the Orb.
     0 | D:1      | Reached XP level 1. HP: 22/22 MP: 1/1
    53 | D:1      | Reached XP level 2. HP: 4/31 MP: 2/2
   730 | D:1      | Reached skill level 1 in Stealth
   730 | D:1      | Reached XP level 3. HP: 19/37 MP: 3/3
  1687 | D:2      | Found a sacrificial altar of Ru.
  1699 | D:2      | Reached XP level 4. HP: 18/48 MP: 4/4
  1951 | D:2      | Found a glowing silver altar of Zin.
  2624 | D:3      | Noticed a sky beast
  3355 | D:2      | Reached XP level 5. HP: 21/55 MP: 1/5
  3550 | D:3      | Noticed Robin
  3936 | D:2      | Reached skill level 5 in Throwing
  3957 | D:2      | Killed Robin
  4196 | D:3      | Found a runed translucent gate.
  4196 | D:3      | Found a runed translucent gate.
  4196 | D:3      | Found a runed translucent gate.
  4417 | D:3      | Reached skill level 5 in Fighting
  4457 | D:3      | Found a shadowy altar of Dithmenos.
  4924 | D:3      | Noticed drasked's ghost (amateur MiCK)
  5097 | D:4      | Noticed a phantom
  5099 | D:4      | Noticed Grinder
  5103 | D:4      | Reached XP level 6. HP: 62/66 MP: 6/6
  5106 | D:4      | Killed a phantom
  5118 | D:4      | Paralysed by Grinder for 3 turns
  5394 | D:4      | Paralysed by Grinder for 3 turns
  5488 | D:4      | Paralysed by Grinder for 5 turns
  5496 | D:4      | Paralysed by Grinder for 6 turns
  5531 | D:4      | HP: 3/67 [Grinder (1)]
  5532 | D:4      | Slain by Grinder

Illustrated notes

Levels and vault maps discovered:
D:1:      minmay_arrival_glassed_features, layout_basic,
          minmay_indecisive_spiral
D:2:      layout_basic, grunt_temple_overflow_open
D:3:      layout_rooms, lemuel_crystal_altar, gammafunk_ghost_split,
          lexackson_kobold_supper, uniq_robin
D:4:      layout_cave_pools, serial_undead, serial_undead_f, serial_undead_b,
          serial_undead_d, serial_undead_e, nicolae_ossuary_entry_plus,
          minivault_4, uniq_grinder, uniq_crazy_yiuf_cottage

Skill      XL: |  1  2  3  4  5  6 |
---------------+-------------------+-----
Fighting       | 3 4 5 |  5.8
Dodging        | 2 3 |  3.1
Stealth        | 1 |  1.0
Throwing       | 5 |  5.7

Action                   |  1- 3 |  4- 6 || total
-------------------------+-------+-------++-------
Melee: Short sword       |   109 |   132 ||   241
       Mace              |       |   114 ||   114
       Dagger            |       |    30 ||    30
Throw: Large rock        |     1 |    15 ||    16
       Dart              |       |     3 ||     3
       Throwing net      |       |     3 ||     3
  Use: Potion            |       |     4 ||     4
 Stab: Sleeping          |     4 |     1 ||     5
       Invisible         |       |     1 ||     1
Armor: Robe              |    43 |    99 ||   142
       Skin              |       |     6 ||     6
Dodge: Dodged            |    98 |   194 ||   292

Table legend: (Time is in decaauts)
 A = Elapsed time spent in this place.
 B = Non-inter-level travel time spent in this place.
 C = Inter-level travel time spent in this place.
 D = Time resting spent in this place.
 E = Time spent auto-exploring this place.
 F = Levels seen in this place.
 G = Mean time per level.
                   A        B        C        D        E       F      G
               +--------+--------+--------+--------+--------+-----+--------+
         Total |   5617 |   5494 |    123 |   3196 |   1294 |   4 | 1404.2 |
       Dungeon |   5617 |   5494 |    123 |   3196 |   1294 |   4 | 1404.2 |
               +--------+--------+--------+--------+--------+-----+--------+

Top non-repeatable levels by time:
     D:2: 2731 daAuts
     D:3: 1393 daAuts
     D:1: 1361 daAuts
     D:4: 130 daAuts
